 Dungeon Crawl Stone Soup version 0.26-a0-663-g36e8fdb655 (webtiles) character file.

Game seed: 6647651809832032070

6724 robertstho the Frost Mage (level 11, -1/81 HPs)
             Began as a Gnoll Ice Elementalist on Oct 12, 2020.
             Was a Believer of Sif Muna.
             Killed from afar by an electric eel (7 damage)
             ... with a bolt of electricity
             ... on level 11 of the Dungeon.
             The game lasted 00:19:01 (12614 turns).

robertstho the Frost Mage (Gnoll Ice Elementalist) Turns: 12614, Time: 00:19:02

Health: -1/81      AC:  6    Str: 10    XL:     11   Next: 4%
Magic:  14/22      EV: 16    Int: 22    God:    Sif Muna [**....]
Gold:   619        SH:  0    Dex: 15    Spells: 8/25 levels left

rFire    . . .     SeeInvis +   B - +2 trident (vamp)
rCold    . . .     Faith    .   (no shield)
rNeg     . . .     Spirit   .   y - +2 robe {MR+}
rPois    .         Reflect  .   (no helmet)
rElec    .         Harm     .   (no cloak)
rCorr    .         Rampage  .   (no gloves)
MR       +....                  x - +1 pair of boots
Stlth    ++++......             e - amulet of magic regeneration
HPRegen  0.23/turn              K - ring of see invisible
MPRegen  0.43/turn              a - ring of stealth

@: frozen ramparts, drained
A: distributed training, fangs 1, strong nose
a: Channel Magic, Renounce Religion


You were on level 11 of the Dungeon.
You worshipped Sif Muna.
Sif Muna was pleased with you.
You visited 2 branches of the dungeon, and saw 12 of its levels.

You collected 715 gold pieces.
You spent 96 gold pieces at shops.

Inventory:

Hand Weapons
 q - a +2 dagger of venom
 v - a +3 dagger
 B - a +2 vampiric trident (weapon)
Missiles
 b - 17 poisoned darts (quivered)
Armour
 x - a +1 pair of boots (worn)
 y - a +2 robe of magic resistance (worn)
 N - a +0 troll leather armour
Magical Staves
 m - an uncursed staff of earth
Jewellery
 a - a ring of stealth (right hand)
 d - an uncursed amulet of the acrobat
 e - an amulet of magic regeneration (around neck)
 j - an uncursed ring of flight
 C - an uncursed ring of resist corrosion
 D - an uncursed ring of stealth
 J - an uncursed ring of fire
 K - a ring of see invisible (left hand)
Wands
 w - a wand of digging (2)
 A - a wand of polymorph (10)
 F - a wand of disintegration (9)
 G - a wand of random effects (18)
 L - a wand of flame (17)
 O - a wand of iceblast (10)
Scrolls
 c - 2 scrolls of enchant weapon
 g - 12 scrolls of teleportation
 h - a scroll of immolation
 k - 5 scrolls of remove curse
 n - 2 scrolls of blinking
 p - a scroll of amnesia
 s - 3 scrolls of enchant armour
 H - a scroll of fog
Potions
 f - 2 potions of haste
 i - 2 potions of mutation {unknown}
 l - 5 potions of curing
 o - 2 potions of resistance
 r - a potion of might
 t - 2 potions of magic
 u - a potion of flight
 z - a potion of invisibility
 E - a potion of stabbing
 M - a potion of heal wounds {unknown}


   Skills:
 + Level 5.8(4.9) Fighting
 + Level 5.8(4.9) Short Blades
 + Level 5.8(4.9) Long Blades
 + Level 5.8(4.9) Axes
 + Level 5.8(4.9) Maces & Flails
 + Level 5.8(4.9) Polearms
 + Level 5.8(4.9) Staves
 + Level 5.8(4.9) Slings
 + Level 5.8(4.9) Bows
 + Level 5.8(4.9) Crossbows
 + Level 5.8(4.9) Throwing
 + Level 5.8(4.9) Armour
 + Level 7.5(6.5) Dodging
 + Level 7.3(6.2) Stealth
 + Level 5.8(4.9) Shields
 + Level 5.8(4.9) Unarmed Combat
 + Level 7.8(6.7) Spellcasting
 + Level 4.8(3.9) Conjurations
 + Level 4.8(3.9) Hexes
 + Level 4.8(3.9) Summonings
 + Level 4.8(3.9) Necromancy
 + Level 4.8(3.9) Translocations
 + Level 4.8(3.9) Transmutations
 + Level 4.8(3.9) Fire Magic
 + Level 8.7(7.6) Ice Magic
 + Level 4.8(3.9) Air Magic
 + Level 4.8(3.9) Earth Magic
 + Level 4.8(3.9) Poison Magic
 + Level 6.4(5.4) Invocations
 + Level 5.8(4.9) Evocations


You had 8 spell levels left.
You knew the following spells:

 Your Spells              Type           Power        Failure   Level
a - Freeze                Ice            ####         1%          1
b - Frozen Ramparts       Ice            #####.       1%          3
c - Ozocubu's Armour      Ice            #####...     1%          3
d - Hailstorm             Conj/Ice       ####....     8%          4
e - Summon Ice Beast      Ice/Summ       ####....     8%          4
f - Searing Ray           Conj           ###...       2%          2

Your spell library contained the following spells:

 Spells                   Type           Power        Failure   Level
 Foxfire                  Conj/Fire      ###.         1%          1
 Magic Dart               Conj           ###.         1%          1
 Blink                    Tloc           N/A          2%          2
 Call Imp                 Summ           ###.....     2%          2
 Slow                     Hex            ###.....     2%          2
 Conjure Flame            Conj/Fire      ###.....     4%          3
 Dazzling Flash           Conj/Hex       ###...       4%          3
 Inner Flame              Hex/Fire       ###.....     4%          3
 Mephitic Cloud           Conj/Pois/Air  ###.....     4%          3
 Fulminant Prism          Conj/Hex       ###.......   17%         4
 Iskenderun's Mystic Bla  Conj/Tloc      ###.....     17%         4
 Sticky Flame             Conj/Fire      ###.....     17%         4
 Fireball                 Conj/Fire      ###.......   43%         5


Dungeon Overview and Level Annotations

Branches:
Dungeon (11/15)            Temple (1/1) D:6            Lair (0/6) D:11
    Orc (0/2) D:9

Altars:
Ashenzari
Cheibriados
Dithmenos
Elyvilon
Fedhas
Gozag
Hepliaklqana
Kikubaaqudgha
Makhleb
Nemelex Xobeh
Okawaru
Qazlal
Ru
Sif Muna
Trog
Uskayaw
Vehumet
Wu Jian
Xom
Yredelemnul
Zin
The Shining One

Shops:
D:4 *   D:5 *

Portals:
Trove: D:11 (show abyssal rune of Zot)

Annotations:
D:6 3 runed translucent doors, Katz's ghost, novice DDNe


Innate Abilities, Weirdness & Mutations

Your experience applies equally to all skills.
You have very sharp teeth.
Your uncanny sense of smell can sniff out nearby items.


Message History

Gang up on whom?
Press: ? - help, Dir - move target cursor, f - electric eel
Aim: an electric eel Attack!
The electric eel shoots out a bolt of lightning at you!
The bolt of electricity hits your ice beast.
The bolt of electricity misses you. The bolt of electricity hits you!
The electric eel shoots out a bolt of lightning at you!
The bolt of electricity hits you! The bolt of electricity misses you.
The electric eel shoots out a bolt of lightning at you!
The bolt of electricity hits you!
* * * LOW HITPOINT WARNING * * *
The bolt of electricity hits you.
* * * LOW HITPOINT WARNING * * *
The electric eel shoots out a bolt of lightning at you!
The bolt of electricity hits your ice beast!
The bolt of electricity hits you!
* * * LOW HITPOINT WARNING * * *
The bolt of electricity hits you!
You die...

≈≈≈# #.#..,,,,,#.#*
#....#####.. ≈≈≈#
#.#####****..* #.........#.
≈≈≈# #.....####*#.##
#.#.......## ≈≈≈#
#...#....# #..# #.#.>.....#
≈≈≈# #...#....#
*#(###.#.#####.#
≈≈####...≈....####((##.#.#
#.#
.........≈..............Y#
#.#
....∩..≈≈≈.≈.....##..#.###
#.##
......≈≈≈≈.≈...(@###.#.#
#... ..).###≈≈≈.≈.....#
#.#.# ###.
....#*#≈≈≈.Y.Y...# #.#E# #.
....##≈≈≈≈≈;#Y...# #...# ##
.[..##≈≈≈≈≈≈#....# ##..#
*** ....#*≈≈≈≈≈≈#....# #..#
**≈*
#####*≈≈≈≈≈≈#....#####.####
**≈≈≈
*******≈≈≈≈≈#....#≈≈....).#
*≈≈≈≈
,,,*,,,,≈≈≈≈#....≈≈≈.#†##.#
*≈≈≈≈


You could see an electric eel and 3 friendly ice beasts.

Vanquished Creatures
  An unseen horror (D:9)
  A cyclops (D:11)
  A troll (D:11)
  A yak (D:10)
  Sigmund (D:4)
  A basilisk (D:11)
  A warg (D:9)
  3 water moccasins
  An orc warrior (D:8)
  2 ice beasts
  3 sky beasts
  2 ogres
  2 phantoms
  2 wolves (D:9)
  3 centaurs
  5 bullfrogs
  A wyvern zombie (D:7)
  A water moccasin zombie (D:5)
  2 scorpions
  5 killer bees (D:7)
  2 wights (D:11)
  3 howler monkeys
  2 centaur zombies
  4 hounds
  2 bullfrog zombies
  2 jellies
  A bullfrog skeleton (D:9)
  4 centaur skeletons
  Natasha (thrice) (D:4)
  6 iguanas
  3 orc wizards
  9 worker ants
  A hound zombie (D:8)
  A worker ant zombie (D:5)
  2 adders
  A gnoll (D:1)
  A shadow imp (D:7)
  A white imp (D:5)
  An adder skeleton (D:9)
  3 worms
  4 dart slugs (D:1)
  6 leopard geckos
  28 orcs
  2 ball pythons
  8 bats
  8 giant cockroaches
  5 goblins
  5 hobgoblins
  11 jackals
  6 quokkas
  2 frilled lizards (D:5)
  A giant cockroach zombie (D:6)
  A jackal skeleton (D:4)
  9 kobolds
  3 quokka skeletons
  5 rats
195 creatures vanquished.

Vanquished Creatures (collateral kills)
  A two-headed ogre (D:8)
  A water elemental (D:11)
  3 yaks (D:10)
  Grum (D:9)
  An ice beast (D:9)
  A phantom (D:8)
  An ogre (D:8)
  A wolf (D:9)
  A centaur (D:8)
  A wyvern zombie (D:10)
  A killer bee (D:7)
  A jelly (D:11)
  7 wights
  A nameless horror (D:8)
  2 electric eels (D:11)
  An orc wizard (D:8)
  2 orc priests (D:8)
  2 bullfrog skeletons
  A worker ant (D:9)
  2 orcs (D:8)
32 creatures vanquished.

Vanquished Creatures (others)
  A plant (D:6)
1 creature vanquished.

Grand Total: 228 creatures vanquished

Notes
Turn   | Place    | Note
-------+----------+-------------------------------------------
     0 | D:1      | robertstho the Gnoll Ice Elementalist began the quest for
                  | the Orb.
     0 | D:1      | Reached XP level 1. HP: 13/13 MP: 6/6
   308 | D:1      | Reached XP level 2. HP: 15/19 MP: 4/7
   837 | D:1      | Reached XP level 3. HP: 23/25 MP: 9/9
   953 | D:1      | Reached skill level 5 in Spellcasting
  1239 | D:1      | Learned a level 3 spell: Frozen Ramparts
  1243 | D:1      | Learned a level 3 spell: Ozocubu's Armour
  1294 | D:2      | Reached skill level 1 in Invocations
  1501 | D:2      | Reached skill level 1 in Fighting
  1501 | D:2      | Reached skill level 1 in Short Blades
  1501 | D:2      | Reached skill level 1 in Long Blades
  1501 | D:2      | Reached skill level 1 in Axes
  1501 | D:2      | Reached skill level 1 in Maces & Flails
  1501 | D:2      | Reached skill level 1 in Polearms
  1501 | D:2      | Reached skill level 1 in Staves
  1501 | D:2      | Reached skill level 1 in Slings
  1501 | D:2      | Reached skill level 1 in Bows
  1501 | D:2      | Reached skill level 1 in Crossbows
  1501 | D:2      | Reached skill level 1 in Throwing
  1501 | D:2      | Reached skill level 1 in Armour
  1501 | D:2      | Reached skill level 1 in Shields
  1501 | D:2      | Reached skill level 1 in Unarmed Combat
  1501 | D:2      | Reached skill level 1 in Evocations
  1809 | D:2      | Reached XP level 4. HP: 21/32 MP: 7/11
  2065 | D:2      | Reached skill level 1 in Conjurations
  2065 | D:2      | Reached skill level 1 in Hexes
  2065 | D:2      | Reached skill level 1 in Summonings
  2065 | D:2      | Reached skill level 1 in Necromancy
  2065 | D:2      | Reached skill level 1 in Translocations
  2065 | D:2      | Reached skill level 1 in Transmutations
  2065 | D:2      | Reached skill level 1 in Fire Magic
  2065 | D:2      | Reached skill level 1 in Air Magic
  2065 | D:2      | Reached skill level 1 in Earth Magic
  2065 | D:2      | Reached skill level 1 in Poison Magic
  2316 | D:3      | Reached XP level 5. HP: 27/37 MP: 8/12
  3899 | D:4      | Found Xaeciofrola's Serpentskin Sales.
  3900 | D:4      | Noticed a water moccasin
  3908 | D:4      | Killed a water moccasin
  3908 | D:4      | Reached skill level 5 in Dodging
  3908 | D:4      | Reached XP level 6. HP: 34/44 MP: 14/14
  4127 | D:4      | Found an ancient bone altar of Kikubaaqudgha.
  4187 | D:4      | Noticed Natasha
  4194 | D:4      | Killed Natasha
  4196 | D:4      | Noticed Natasha
  4207 | D:4      | Killed Natasha
  4333 | D:4      | Noticed Sigmund
  4340 | D:4      | Killed Sigmund
  4340 | D:4      | Reached XP level 7. HP: 51/51 MP: 11/15
  4564 | D:4      | Noticed Natasha
  4569 | D:4      | Killed Natasha
  4569 | D:4      | Reached skill level 5 in Stealth
  4820 | D:5      | Entered Level 5 of the Dungeon
  4861 | D:5      | Reached XP level 8. HP: 57/57 MP: 13/16
  5255 | D:5      | Found a burning altar of Makhleb.
  5371 | D:5      | Found a radiant altar of Vehumet.
  5449 | D:5      | Found Zeckoemm's Assorted Antiques.
  5460 | D:5      | Bought a scroll labeled NOEFRY KIDU for 24 gold pieces
  5460 | D:5      | Bought a scroll labeled NOEFRY KIDU for 24 gold pieces
  5460 | D:5      | Bought a scroll of identify for 48 gold pieces
  5843 | D:5      | You fall into a shaft and drop 1 floor!
  6031 | D:6      | Found a runed translucent gate.
  6031 | D:6      | Found a runed translucent gate.
  6031 | D:6      | Found a runed translucent gate.
  6031 | D:6      | Found an opulent altar of Gozag.
  6032 | D:6      | Noticed a cyclops
  6151 | D:6      | Found a sparkling altar of Nemelex Xobeh.
  6196 | D:6      | Found a staircase to the Ecumenical Temple.
  6378 | Temple   | Entered the Ecumenical Temple
  6656 | D:6      | Noticed Katz's ghost (novice DDNe)
  6723 | D:6      | Found a shimmering blue altar of Sif Muna.
  6979 | D:6      | Became a worshipper of Sif Muna the Loreminder
  7069 | D:6      | Found a bloodstained altar of Trog.
  7541 | D:7      | Reached XP level 9. HP: 65/65 MP: 18/18
  7604 | D:7      | Learned a level 4 spell: Hailstorm
  7609 | D:7      | Learned a level 4 spell: Summon Ice Beast
  7612 | D:7      | Learned a level 2 spell: Searing Ray
  8120 | D:7      | Reached skill level 8 in Ice Magic
  8778 | D:8      | Reached * piety under Sif Muna
  8917 | D:8      | Got a masterwork hand axe
  8917 | D:8      | Identified the cursed +1 hand axe of Oenomania {antimagic,
                  | Str+4 Int-5 Dex+3} (You found it on level 8 of the Dungeon)
  9210 | D:8      | Reached skill level 5 in Invocations
  9229 | D:8      | Noticed a two-headed ogre
  9234 | D:8      | Killed a two-headed ogre
  9386 | D:8      | Found a radiant altar of Vehumet.
  9683 | D:9      | Reached XP level 10. HP: 46/73 MP: 17/20
  9707 | D:9      | Noticed Grum
  9719 | D:9      | Killed Grum
  9874 | D:9      | Reached skill level 5 in Fighting
  9874 | D:9      | Reached skill level 5 in Short Blades
  9874 | D:9      | Reached skill level 5 in Long Blades
  9874 | D:9      | Reached skill level 5 in Axes
  9874 | D:9      | Reached skill level 5 in Maces & Flails
  9874 | D:9      | Reached skill level 5 in Polearms
  9874 | D:9      | Reached skill level 5 in Staves
  9874 | D:9      | Reached skill level 5 in Slings
  9874 | D:9      | Reached skill level 5 in Bows
  9874 | D:9      | Reached skill level 5 in Crossbows
  9874 | D:9      | Reached skill level 5 in Throwing
  9874 | D:9      | Reached skill level 5 in Armour
  9874 | D:9      | Reached skill level 5 in Shields
  9874 | D:9      | Reached skill level 5 in Unarmed Combat
  9874 | D:9      | Reached skill level 5 in Evocations
 10070 | D:9      | Found a staircase to the Orcish Mines.
 10095 | D:9      | Killed an unseen horror
 10225 | D:9      | Reached ** piety under Sif Muna
 10619 | D:10     | Entered Level 10 of the Dungeon
 11764 | D:11     | Found a portal to a secret trove of treasure.
 11806 | D:11     | Noticed a cyclops
 11812 | D:11     | Killed a cyclops
 11974 | D:11     | Reached XP level 11. HP: 72/81 MP: 13/22
 12263 | D:11     | Found a staircase to the Lair.
 12614 | D:11     | Killed from afar by an electric eel

Illustrated notes

Levels and vault maps discovered:
D:1:      minmay_arrival_jagged, layout_loops_cross, serial_glass,
          glass_columns_c, glass_columns_a, glass_columns_a, glass_columns_b,
          glass_columns_a, glass_columns_b, chequers_arboretum
D:2:      layout_loops_ring, amethyst_killhole
D:3:      layout_loops_corners
D:4:      layout_basic, kiku_gazebo_pond_becter, guppyfry_shop_venom,
          uniq_sigmund, uniq_natasha
D:5:      layout_basic, makhleb_heckhound_becter, serial_shops,
          nicolae_shop_crystal, basic_altar
D:6:      layout_basic, bloody_trog, lemuel_doored_altar, kennysheep_mini_moat,
          minmay_temple_entry_wispy, ebering_ghost_gozag, serial_curves,
          eino_curves_01, eino_curves_03, eino_curves_04, eino_curves_01,
          hangedman_glass_garden, kennysheep_small_circle
D:7:      layout_gridville
D:8:      layout_basic, overflow_temple_1_default
D:9:      layout_cave_pools, minmay_orc_entry_guard_dogs, uniq_grum
D:10:     layout_stronghold
D:11:     layout_basic, enter_trove_1, portal_ice_cave_demonic_guard
Temple:   lightli_temple_of_artemis

Skill      XL: |  1  2  3  4  5  6  7  8  9 10 |
---------------+-------------------------------+-----
Spellcasting   | 5 6 7 |  7.8
Invocations    | 1 2 3 4 5 6 |  6.4
Fighting       | 1 2 3 4 5 |  5.8
Short Blades   | 1 2 3 4 5 |  5.8
Long Blades    | 1 2 3 4 5 |  5.8
Axes           | 1 2 3 4 5 |  5.8
Maces & Flails | 1 2 3 4 5 |  5.8
Polearms       | 1 2 3 4 5 |  5.8
Staves         | 1 2 3 4 5 |  5.8
Slings         | 1 2 3 4 5 |  5.8
Bows           | 1 2 3 4 5 |  5.8
Crossbows      | 1 2 3 4 5 |  5.8
Throwing       | 1 2 3 4 5 |  5.8
Armour         | 1 2 3 4 5 |  5.8
Shields        | 1 2 3 4 5 |  5.8
Unarmed Combat | 1 2 3 4 5 |  5.8
Evocations     | 1 2 3 4 5 |  5.8
Conjurations   | 1 2 3 4 |  4.8
Hexes          | 1 2 3 4 |  4.8
Summonings     | 1 2 3 4 |  4.8
Necromancy     | 1 2 3 4 |  4.8
Translocations | 1 2 3 4 |  4.8
Transmutations | 1 2 3 4 |  4.8
Fire Magic     | 1 2 3 4 |  4.8
Air Magic      | 1 2 3 4 |  4.8
Earth Magic    | 1 2 3 4 |  4.8
Poison Magic   | 1 2 3 4 |  4.8
Dodging        | 5 6 7 |  7.5
Stealth        | 5 6 7 |  7.3
Ice Magic      | 8 |  8.7

Action                   |  1- 3 |  4- 6 |  7- 9 | 10-12 || total
-------------------------+-------+-------+-------+-------++-------
Melee: Unarmed           |    13 |       |       |       ||    13
       Bite              |     7 |     8 |    33 |     7 ||    55
       Short sword       |    45 |    10 |       |       ||    55
       Dagger            |       |   100 |   171 |       ||   271
       Punch             |       |       |     4 |       ||     4
       Trident           |       |       |   167 |    84 ||   251
 Cast: Freeze            |    16 |       |       |       ||    16
       Frozen Ramparts   |     8 |     7 |    20 |    24 ||    59
       Ozocubu's Armour  |       |     1 |     2 |     1 ||     4
       Summon Ice Beast  |       |       |    15 |    52 ||    67
       Searing Ray       |       |       |     1 |     1 ||     2
  Use: Potion            |       |     1 |       |     1 ||     2
       Scroll            |       |       |    10 |     9 ||    19
 Stab: Sleeping          |     8 |    12 |    16 |       ||    36
       Distracted        |       |       |     3 |     2 ||     5
Armor: Robe              |    18 |    14 |    53 |    14 ||    99
Dodge: Dodged            |    50 |    77 |   220 |    85 ||   432

Table legend: (Time is in decaauts)
 A = Elapsed time spent in this place.
 B = Non-inter-level travel time spent in this place.
 C = Inter-level travel time spent in this place.
 D = Time resting spent in this place.
 E = Time spent auto-exploring this place.
 F = Levels seen in this place.
 G = Mean time per level.
                   A        B        C        D        E       F      G
               +--------+--------+--------+--------+--------+-----+--------+
         Total |  12598 |  12269 |    329 |    516 |   9648 |  12 | 1049.8 |
       Dungeon |  12428 |  12123 |    305 |    516 |   9512 |  11 | 1129.8 |
        Temple |    169 |    146 |     23 |      0 |    136 |   1 |  169.0 |
               +--------+--------+--------+--------+--------+-----+--------+

Top non-repeatable levels by time:
     D:3: 1345 daAuts
     D:7: 1296 daAuts
     D:1: 1265 daAuts
     D:4: 1227 daAuts
     D:6: 1219 daAuts
     D:8: 1139 daAuts
    D:10: 1059 daAuts
     D:5: 1002 daAuts
     D:2: 971 daAuts
     D:9: 963 daAuts
    D:11: 937 daAuts
  Temple: 169 daAuts
